 Dungeon Crawl Stone Soup version 0.27-a0-1334-g2746e35aca (webtiles) character file.

Game seed: 14763632783251106195

16 Delamore the Sneak (level 2, -2/19 HPs)
             Began as an Octopode Brigand on June 26, 2021.
             Slain by a gnoll (6 damage)
             ... on level 1 of the Dungeon.
             The game lasted 00:00:40 (631 turns).

Delamore the Sneak (Octopode Brigand)                Turns: 631, Time: 00:00:41

Health: -2/19      AC:  1    Str: 10    XL:     2   Next: 58%
Magic:  2/2        EV: 12    Int: 13    God:
Gold:   12         SH:  0    Dex: 13    Spells: 1/1 levels left

rFire    . . .     SeeInvis .   a - +2 dagger
rCold    . . .     Faith    .   (no shield)
rNeg     . . .     Spirit   .   (helmet restricted)
rPois    .         Reflect  .   (no amulet)
rElec    .         Harm     .   (no ring)
rCorr    .         Rampage  .   (no ring)
Will     .....                  (no ring)
Stlth    ++++......             (no ring)
HPRegen  0.06/turn              (no ring)
MPRegen  0.08/turn              (no ring)
                                (no ring)
                                (no ring)

@: no status effects
A: almost no armour, amphibious, 8 rings, camouflage 1, gelatinous body 1,
(nimble swimmer 1), tentacles
a: no special abilities


You were on level 1 of the Dungeon.
You visited 1 branch of the dungeon, and saw 1 of its levels.

You collected 12 gold pieces.

Inventory:

Hand Weapons
 a - a +2 dagger (weapon)
Missiles
 b - 8 poisoned darts (quivered)
Scrolls
 d - a scroll of teleportation {unknown}
Potions
 e - a potion of heal wounds {unknown}


   Skills:
 + Level 2.3 Fighting
 * Level 2.6 Short Blades
 - Level 2.0 Throwing
 - Level 1.0 Dodging
 + Level 5.5 Stealth


You had one spell level left.
You didn't know any spells.
Your spell library was empty.

Dungeon Overview and Level Annotations

Branches:
Dungeon (1/15)

Altars:


Innate Abilities, Weirdness & Mutations

You cannot wear most types of armour.
You are amphibious.
You can wear up to eight rings at the same time.
Your skin changes colour to match your surroundings (Stealth+).
Your rubbery body absorbs attacks. (AC +1, EV +1)
((You are camouflaged near water. (Stealth+)))
You have tentacles for arms and can constrict up to eight enemies at once.


Message History

The kobold shouts!
You hit the gnoll. You grab the gnoll.
The gnoll is moderately wounded.
You constrict the gnoll, but do no damage.
The gnoll hits you with a +0 club.
You are too injured to fight recklessly!
You are too injured to fight recklessly!
You are too injured to fight recklessly!
You are too injured to fight recklessly!
You are too injured to fight recklessly!
You are too injured to fight recklessly!
You are too injured to fight recklessly!
You are too injured to fight recklessly!
There are monsters nearby!
You release your grip on the gnoll.
A dart slug comes into view.
The dart slug launches a dart at you. The slug dart hits you.
* * * LOW HITPOINT WARNING * * *
The dart slug bites you but does no damage.
You aren't carrying any items that you can evoke.
Throw: 2 darts (curare)
Press: ? - help, Q - select action, (/) - cycle Shift-Dir - straight line, f - dart slug
Aim: a dart slug (93% to hit)
You throw a curare-tipped dart.
The curare-tipped dart hits the dart slug.
The dart slug is poisoned.
The dart slug convulses.
The dart slug seems to slow down.
The dart slug is severely wounded.
You kill the dart slug!
There is an open door here.
There is an open door here.
There is an open door here.
Throw: dart (curare)
Press: ? - help, Q - select action, (/) - cycle Shift-Dir - straight line, f - gnoll
Aim: a gnoll, wielding a +0 club (moderately wounded, 63% to hit)
You throw a curare-tipped dart.
The curare-tipped dart completely misses the gnoll.
The gnoll hits you with a +0 club.
You die...

.............# ... #.#####
.............## .# #.#
.)∩..∩..8.....# #.#
.......##.....# #.#
.......##.....# #+# #.#
....†..##.....# #.# #.#
.......###..### ##'## #.#
.......# ##.#####...#######.#
...##### #('.'g@.<.'.+.'.#.#
...# #.#####...#####...# ...#
####..#####'## ###.# ...#
#.........#.# #.# .###
#.###>..###+# #†# ....# #.#
#...### #####'#### .#######.#
#.....#+# #........#
....#....###.......####........#
#.K......#.....................#


You could see a gnoll.

Vanquished Creatures
  A dart slug (D:1)
  4 bats (D:1)
  3 hobgoblins (D:1)
  A quokka (D:1)
  3 ball pythons (D:1)
  A frilled lizard (D:1)
  A rat (D:1)
14 creatures vanquished.

Notes
Turn   | Place    | Note
-------+----------+-------------------------------------------
     0 | D:1      | Delamore the Octopode Brigand began the quest for the Orb.
     0 | D:1      | Reached XP level 1. HP: 14/14 MP: 1/1
   270 | D:1      | Reached XP level 2. HP: 19/19 MP: 2/2
   631 | D:1      | Slain by a gnoll

Illustrated notes

Levels and vault maps discovered:
D:1:      minmay_arrival_doors, layout_basic,
          hellmonk_ecumenical_altar_arch_garden

Action                   || total
-------------------------++-------
Melee: Dagger            ||    26
       Constrict         ||     8
       Tentacles         ||     2
Throw: Dart              ||     2
 Stab: Sleeping          ||     2
Armor: Skin              ||     7
Dodge: Dodged            ||    15

Table legend: (Time is in decaauts)
 A = Elapsed time spent in this place.
 B = Non-inter-level travel time spent in this place.
 C = Inter-level travel time spent in this place.
 D = Time resting spent in this place.
 E = Time spent auto-exploring this place.
 F = Levels seen in this place.
 G = Mean time per level.
                   A        B        C        D        E       F      G
               +--------+--------+--------+--------+--------+-----+--------+
         Total |    628 |    628 |      0 |      0 |    506 |   1 |  628.0 |
       Dungeon |    628 |    628 |      0 |      0 |    506 |   1 |  628.0 |
               +--------+--------+--------+--------+--------+-----+--------+

Top non-repeatable levels by time:
     D:1: 628 daAuts
